 Dungeon Crawl Stone Soup version 0.20-a0-754-g13ddd6e (webtiles) character file.

3224 krabocopter the Conjurer (level 9, 54/54 HPs)
             Began as a Deep Elf Wizard on Feb 26, 2017.
             Was a Priest of Sif Muna.
             Quit the game on level 6 of the Dungeon.
             The game lasted 01:09:29 (12065 turns).

krabocopter the Conjurer (Deep Elf Wizard)         Turns: 12065, Time: 01:09:29

Health: 54/54      AC: 11    Str:  0 (3)  XL:     9   Next: 66%
Magic:  17/17      EV: 12    Int: 23 (26) God:    Sif Muna [***...]
Gold:   165        SH:  4    Dex: 12 (13) Spells: 6/16 levels left

rFire    + + .     SeeInvis .   y - +6 hand axe
rCold    . . .     Gourm    .   G - +2 robe {rF+}
rNeg     + . .     Faith    .   a - +0 buckler {AC+3}
rPois    .         Spirit   .   b - +0 hat
rElec    .         Reflect  .   r - +1 cloak {+Inv}
rCorr    .         Harm     .   (no gloves)
MR       .....                  J - +1 pair of boots
Stlth    +++.......             x - amulet of regeneration
Regen    0.2/turn               C - ring of positive energy
MPRegen  0.2/turn               h - ring of protection from fire

@: slowed, lost strength, very slow
A: weak 1
a: Divine Energy, Channel Magic, Renounce Religion, Evoke Invisibility


You were on level 6 of the Dungeon.
You worshipped Sif Muna.
Sif Muna was most pleased with you.
You were very hungry.

You visited 1 branch of the dungeon, and saw 7 of its levels.

You collected 397 gold pieces.
You spent 232 gold pieces at shops.

Inventory:

Hand Weapons
 o - a +1 whip of holy wrath
 y - a +6 hand axe (weapon)
 A - a +3 dagger
Armour
 a - a +0 buckler of protection (worn)
 b - a +0 hat (worn)
 r - a +1 cloak of invisibility (worn)
 G - a +2 robe of fire resistance (worn)
 J - a +1 pair of boots (worn)
Magical Staves
 l - an uncursed staff of poison
Jewellery
 h - a ring of protection from fire (left hand)
 w - an uncursed ring of ice
 x - an amulet of regeneration (around neck)
 C - a ring of positive energy (right hand)
 E - an uncursed amulet of rage
Wands
 q - a wand of digging (0/24)
 v - a wand of enslavement (12/24)
Scrolls
 e - 5 scrolls of identify
 i - a scroll of enchant weapon
 j - a scroll of teleportation
 n - 2 scrolls of enchant armour
 p - 2 scrolls of recharging
 s - 4 scrolls of remove curse
 u - 2 scrolls of magic mapping
 z - a scroll of immolation {unknown}
 K - a scroll of fear {unknown}
Potions
 g - 3 potions of heal wounds
 B - a potion of resistance
 F - 2 potions of might
Books
 c - a book of Minor Magic

   Spells                             Type                      Level
   a - Magic Dart                     Conjuration                  1
   b - Blink                          Translocation                2
   c - Call Imp                       Summoning                    2
   d - Slow                           Hexes                        2
   e - Conjure Flame                  Conjuration/Fire             3
   f - Mephitic Cloud                 Conjuration/Poison/Air       3
 m - Kikubaaqudgha's Handbook of Evil
   (You found it on level 2 of the Dungeon)

   Spells                             Type                      Level
   a - Animate Skeleton               Necromancy                   1
 t - a book of Changes

   Spells                             Type                      Level
   a - Beastly Appendage              Transmutation                1
   b - Sticks to Snakes               Transmutation                2
   c - Spider Form                    Transmutation/Poison         3
   d - Ice Form                       Ice/Transmutation            4
   e - Blade Hands                    Transmutation                5
 I - a book of Misfortune

   Spells                             Type                      Level
   a - Confusing Touch                Hexes                        1
   b - Confuse                        Hexes                        3
   c - Gell's Gravitas                Translocation                3
   d - Petrify                        Transmutation/Earth          4
   e - Metabolic Englaciation         Hexes/Ice                    5
   f - Yara's Violent Unravelling     Hexes/Transmutation          5
 L - a book of Cantrips

   Spells                             Type                      Level
   a - Confusing Touch                Hexes                        1
   b - Animate Skeleton               Necromancy                   1
   c - Summon Small Mammal            Summoning                    1
   d - Apportation                    Translocation                1
Comestibles
 d - 6 bread rations
 f - 3 meat rations
 k - 2 royal jellies


   Skills:
 + Level 5.6 Fighting
 - Level 2.4 Dodging
 - Level 6.0 Stealth
 + Level 2.2 Shields
 - Level 4.4 Spellcasting
 - Level 7.9 Conjurations
   Level 1.1 Summonings
 - Level 2.9 Translocations
 - Level 5.0 Air Magic
 - Level 5.3 Poison Magic


You had 6 spell levels left.
You knew the following spells:

 Your Spells              Type           Power        Failure   Level  Hunger
a - Magic Dart            Conj           ####         1%          1    None
b - Blink                 Tloc           N/A          6%          2    None
c - Animate Skeleton      Necr           N/A          14%         1    None
d - Mephitic Cloud        Conj/Pois/Air  ####....     3%          3    ##.....
e - Conjure Flame         Conj/Fire      ###.....     10%         3    ##.....


Dungeon Overview and Level Annotations

Branches:
Dungeon (7/15)             Temple (0/1) D:7

Altars:
Ashenzari
Fedhas
Hepliaklqana
Kikubaaqudgha
Makhleb
Qazlal
Ru
Sif Muna
Vehumet
Wu Jian
Zin

Shops:
D:7 ([***

Annotations:
D:3 exclusion: door
D:6 exclusion: 2 doors


Innate Abilities, Weirdness & Mutations

You are weak. (Str -2)


Message History

MP restored: 17 You start resting.
Health restored: 54 Done exploring.
Sif Muna stops granting you divine energy.
There is an escape hatch in the floor here.
There is an open door here.
You are feeling hungry.
There is an open door here.
There is an escape hatch in the ceiling here.
There is a stone staircase leading down, spattered with blood here.
There is an escape hatch in the ceiling here.
You see here a club.
You are feeling very hungry.
There is a stone staircase leading down here.
You climb downwards.
Level annotation: exclusion: 2 doors
There is a stone staircase leading up here.
Partly explored, can't reach some places.
There is an open door here.

#.# #.# #.# ####.# ###.### ##'##
#.# #.# ......# ##...##
#.######.## ###.#.##
##.....###.........# # #.#..##
##.......####P.P#...## #
#.#...####.........##PPPPP..... #
#........'.........'..P_PP.....
###.#...####...........PP.P......
#......## ##...@...##.........##
#.#.#..# ##.....###....)....#
.......# ##...## ##...#.####
#.#.##.## ##'## #.#§§.# #.#.....#
#.# #^§_§.# #.####..#
###.######^#≈#^# #.# #..#
##........##§§#.# #.####..#
##.....###.#####.# #.......#
##.#.....##.# #.#


There were no monsters in sight!

Vanquished Creatures
  Grinder (D:6)
  Sigmund (D:5)
  Edmund (D:5)
  2 sky beasts
  An orc warrior (D:7)
  2 ice beasts
  5 ogres
  A phantom (D:7)
  2 centaurs (D:7)
  A crocodile (D:7)
  4 bullfrogs
  Blork the orc (D:6)
  3 scorpions
  5 howler monkeys (D:7)
  3 wights (D:6)
  A crimson imp (D:6)
  A quasit (D:6)
  2 hounds
  A bullfrog zombie (D:5)
  Crazy Yiuf (D:3)
  An orc priest (D:7)
  An iguana (D:7)
  2 centaur skeletons (D:5)
  2 orc wizards
  6 worker ants
  A hound skeleton (D:7)
  A worker ant zombie (D:7)
  A howler monkey skeleton (D:5)
  13 adders
  2 oozes
  3 adder skeletons
  2 worms
  5 dart slugs
  5 leopard geckos
  13 orcs
  4 ball pythons (D:1)
  13 bats
  3 giant cockroaches
  11 goblins
  6 hobgoblins
  20 jackals
  12 kobolds
  A quokka (D:2)
  5 frilled lizards
  A giant cockroach zombie (D:6)
  A jackal skeleton (D:6)
  A leopard gecko skeleton (D:4)
  9 rats
184 creatures vanquished.

Vanquished Creatures (others)
  A two-headed ogre (D:7)
  A centaur (D:7)
  5 fungi
7 creatures vanquished.

Grand Total: 191 creatures vanquished

Notes
Turn   | Place    | Note
-------+----------+-------------------------------------------
     0 | D:1      | krabocopter the Deep Elf Wizard began the quest for the Orb.
     0 | D:1      | Reached XP level 1. HP: 10/10 MP: 7/7
   547 | D:1      | Reached XP level 2. HP: 12/15 MP: 5/9
   792 | D:1      | Reached skill level 2 in Conjurations
  1153 | D:1      | Reached XP level 3. HP: 19/19 MP: 5/10
  1434 | D:2      | Found an ancient bone altar of Kikubaaqudgha.
  1434 | D:2      | Found a deep blue altar of Sif Muna.
  1436 | D:2      | Found a radiant altar of Vehumet.
  1438 | D:2      | Identified Kikubaaqudgha's Handbook of Evil
  1462 | D:2      | Became a worshipper of Sif Muna the Loreminder
  1624 | D:2      | Found a shattered altar of Ashenzari.
  1777 | D:2      | Reached skill level 3 in Conjurations
  1777 | D:2      | Reached XP level 4. HP: 24/24 MP: 6/12
  2298 | D:2      | Reached skill level 5 in Stealth
  2662 | D:2      | Found a hazy altar of Hepliaklqana.
  2757 | D:3      | Learned a level 2 spell: Blink
  2770 | D:3      | Found a burning altar of Makhleb.
  2774 | D:3      | Reached XP level 5. HP: 28/28 MP: 8/13
  2807 | D:3      | Found a glowing drain.
  2937 | D:4      | Found an ornate altar of the Wu Jian Council.
  2971 | D:4      | Reached * piety under Sif Muna
  2985 | D:4      | Reached skill level 4 in Conjurations
  3385 | D:4      | Noticed an ogre
  3619 | D:3      | Found a runed door.
  3682 | D:3      | Learned a level 1 spell: Animate Skeleton
  3686 | D:3      | Learned a level 3 spell: Mephitic Cloud
  3795 | D:3      | Found a sacrificial altar of Ru.
  3907 | D:3      | Reached skill level 1 in Air Magic
  4095 | D:4      | Noticed an ogre
  4106 | D:4      | Noticed a two-headed ogre
  4217 | D:3      | Reached XP level 6. HP: 31/32 MP: 9/14
  4298 | D:4      | Reached skill level 1 in Poison Magic
  4665 | D:5      | Entered Level 5 of the Dungeon
  4771 | D:5      | You fall through a shaft for 2 floors!
  4918 | D:5      | Noticed Sigmund
  5108 | D:5      | Reached XP level 7. HP: 35/36 MP: 8/15
  5328 | D:5      | Noticed Edmund
  5398 | D:5      | Killed Sigmund
  5577 | D:5      | Killed Edmund
  5778 | D:5      | Found a glowing silver altar of Zin.
  5842 | D:5      | Reached ** piety under Sif Muna
  5941 | D:4      | Reached skill level 5 in Poison Magic
  5941 | D:4      | Reached XP level 8. HP: 41/41 MP: 3/16
  6471 | D:6      | Reached skill level 5 in Air Magic
  6600 | D:6      | Noticed Grinder
  6619 | D:6      | Noticed Blork the orc
  6712 | D:6      | Found a blossoming altar of Fedhas.
  6714 | D:6      | Found a stormy altar of Qazlal.
  6833 | D:6      | Killed Blork the orc
  6833 | D:6      | Reached skill level 1 in Fighting
  6894 | D:5      | Reached skill level 5 in Conjurations
  7881 | D:6      | Killed Grinder
  7881 | D:6      | Reached skill level 6 in Conjurations
  8224 | D:6      | Reached XP level 9. HP: 51/52 MP: 11/17
  8529 | D:7      | Found Bipyttoog's Assorted Antiques.
  8713 | D:6      | Learned a level 3 spell: Conjure Flame
  8791 | D:6      | Reached skill level 7 in Conjurations
  8911 | D:7      | Found Nosaxyw's General Store.
  8976 | D:7      | Killed a two-headed ogre
  9497 | D:7      | Found Uptossec's Antique Weapon Shoppe.
  9545 | D:7      | Found a staircase to the Ecumenical Temple.
  9606 | D:7      | Reached *** piety under Sif Muna
  9639 | D:7      | Noticed a two-headed ogre
 10189 | D:7      | Found Guros's Antique Armour Emporium.
 10197 | D:7      | Bought a shiny buckler for 232 gold pieces
 10234 | D:7      | Reached skill level 5 in Fighting
 10321 | D:7      | Reached skill level 1 in Shields
 10324 | D:7      | Gained mutation: You are weak. (Str -2) [mutagenic meat]
 10390 | D:7      | Lost strength.
 10575 | D:7      | Found Pouptyh's General Store.
 11265 | D:3      | Noticed Crazy Yiuf
 11274 | D:3      | Killed Crazy Yiuf
 12065 | D:6      | Quit the game

Vault maps used:
D:1:      minmay_arrival_glassed_features, minmay_shallow_snake_nest
D:2:      grunt_temple_overflow_magic_moments, evilmike_ruin_ashenzari,
          lemuel_coloured_pillars_altar, kennysheep_generic_room_7
D:3:      old_standard_altar, hangedman_ru_absence, gup_sewer_entry_glass,
          uniq_crazy_yiuf_cottage
D:4:      lemuel_doored_altar, first_bread
D:5:      zin_scriptorium, eino_small_chamber_without_monster,
          minmay_misc_feat_plants, kennysheep_generic_room_2, uniq_sigmund,
          uniq_edmund
D:6:      grunt_temple_overflow_forces_of_nature, kennysheep_generic_room_12,
          uniq_blork_the_orc, uniq_grinder
D:7:      old_forge, lemuel_temple_firewalk_b, serial_shops,
          nicolae_shop_statue_plus, nicolae_shop_overgrown_old_shop,
          kennysheep_mini, kennysheep_mini_moat, nicolae_shop_crystal

Skill      XL: |  1  2  3  4  5  6  7  8  9 |
---------------+----------------------------+-----
Stealth        | 3 4 5 6 |  6.0
Conjurations   | 2 3 4 6 7 |  7.9
Air Magic      | 1 2 4 5 |  5.0
Poison Magic   | 2 5 |  5.3
Translocations | 2 |  2.9
Fighting       | 3 5 |  5.6
Shields        | 2 |  2.2
Dodging        | |  2.4
Spellcasting   | |  4.4
Summonings     | |  1.1

Action                   |  1- 3 |  4- 6 |  7- 9 || total
-------------------------+-------+-------+-------++-------
Melee: Dagger            |    10 |       |       ||    10
       Rapier            |       |       |     7 ||     7
       Hand axe          |       |       |    13 ||    13
 Cast: Magic Dart        |   101 |   189 |   434 ||   724
       Mephitic Cloud    |       |     2 |    45 ||    47
       Blink             |       |     2 |    20 ||    22
       Conjure Flame     |       |       |     1 ||     1
Invok: Divine Energy     |       |     1 |     1 ||     2
       Stop Divine Energ |       |     1 |     1 ||     2
  Use: Scroll            |     1 |     2 |     7 ||    10
       Potion            |       |       |     9 ||     9
 Stab: Sleeping          |     1 |       |       ||     1
       Confused          |       |       |     2 ||     2
  Eat: Chunk             |     2 |    11 |    16 ||    29
       Fruit             |       |       |     3 ||     3
       Bread ration      |       |       |     1 ||     1
       Royal jelly       |       |       |     1 ||     1
Armor: Robe              |     4 |     6 |    30 ||    40
Dodge: Dodged            |    17 |    32 |   100 ||   149
Block: Buckler           |       |       |     9 ||     9
